 Dungeon Crawl Stone Soup version 0.31-a0-521-gc7390f8997 (webtiles) character file.

Game seed: 14345320000716774160

1991 MisterAzrael the Carver (level 9, -1/70 HPs)
             Began as a Minotaur Fighter on Aug 10, 2023.
             Was an Elder of Okawaru.
             Slain by a vampire mosquito (6 damage)
             ... on level 7 of the Dungeon.
             The game lasted 00:05:32 (5314 turns).

MisterAzrael the Carver (Minotaur Fighter)          Turns: 5314, Time: 00:05:33

Health: -1/70      AC: 16    Str: 26    XL:     9   Next: 1%
Magic:  11/11      EV:  4    Int:  5    God:    Okawaru [****..]
Gold:   388        SH:  0    Dex:  9    Spells: 8/8 levels left

rFire   . . .        k - +0 great sword
rCold   . . .        (shield currently unavailable)
rNeg    . . .        v - +0 crystal plate armour
rPois   +            (helmet restricted)
rElec   .            (no cloak)
rCorr   .            (no gloves)
SInv    .            (no boots)
Will    .....        y - amulet of faith Stlth
                     j - ring of poison resistance
HPRegen 0.31/turn    u - +4 ring of slaying
MPRegen 0.12/turn

%: faith
@: mighty
A: horns 2, retaliatory headbutt
a: Renounce Religion, Heroism, Finesse


You were on level 7 of the Dungeon.
You worshipped Okawaru.
Okawaru was greatly pleased with you.
You visited 1 branch of the dungeon, and saw 7 of its levels.

You collected 388 gold pieces.

Inventory:

Hand Weapons
 a - a +1 long sword
 k - a +0 great sword (weapon)
 s - a +2 dire flail of venom
Missiles
 q - 6 poisoned darts (quivered)
Armour
 b - a +0 scale mail
 c - a +0 buckler
 t - a +0 kite shield
 v - a +0 crystal plate armour (worn)
 w - a +3 plate armour
Jewellery
 e - a ring of fire
 j - a ring of poison resistance (left hand)
 l - a ring of ice
 u - a +4 ring of slaying (right hand)
 y - an amulet of faith (around neck)
 z - a ring of wizardry
Scrolls
 m - 2 scrolls of blinking {unknown}
 n - a scroll of teleportation
 r - 2 scrolls of identify
 x - a scroll of fog {unknown}
Potions
 f - a potion of lignification
 g - a potion of enlightenment {unknown}
 h - 3 potions of heal wounds {unknown}
 i - 4 potions of haste {unknown}
 o - a potion of brilliance {unknown}
 p - a potion of curing {unknown}


   Skills:
 - Level 3.6 Fighting
 * Level 11.1 Long Blades
 + Level 4.9 Throwing
 - Level 3.6 Armour
 - Level 3.6 Shields
 + Level 5.1 Invocations


You had 8 spell levels left.
You didn't know any spells.
Your spell library contained the following spells:

 Spells                   Type           Power      Damage    Failure   Level
 Blink                    Tloc           0%         N/A       100%        2
 Lesser Beckoning         Tloc           0%         N/A       100%        2
 Momentum Strike          Conj/Tloc      0%         3d8       100%        2
 Portal Projectile        Hex/Tloc       0%         N/A       100%        3
 Leda's Liquefaction      Hex/Erth       0%         N/A       100%        4
 Call Canine Familiar     Summ           Unusable   N/A       N/A         3

Dungeon Overview and Level Annotations

Branches:
Dungeon (7/15)
 Temple: D:4-7

Altars:
Hepliaklqana
Makhleb
Nemelex Xobeh
Okawaru
Sif Muna
Wu Jian
Xom
Yredelemnul
The Shining One


Innate Abilities, Weirdness & Mutations

You have a pair of horns on your head.
You reflexively headbutt those who attack you in melee.


Message History

Your Invocations skill increases to level 5!
You slice the ice beast!!
The ice beast is almost dead.
The ice beast hits you but does no damage.
You hit the ice beast but do no damage. Your headbutt misses the ice beast.
The ice beast is almost dead.
The ice beast hits you but does no damage.
You slash the ice beast!
You kill the ice beast!
Okawaru accepts your kill.
The vampire mosquito bites you but does no damage.
You have reached level 9!
Your experience leads to an increase in your attributes!
Increase (S)trength, (I)ntelligence, or (D)exterity?
You feel stronger. x2
You barely miss the vampire mosquito.
Your headbutt misses the vampire mosquito.
The vampire mosquito bites you but does no damage.
The vampire mosquito bites you.
* * * LOW HITPOINT WARNING * * *
The vampire mosquito draws strength from your injuries!
The vampire mosquito barely misses you. You furiously retaliate!
You headbutt the vampire mosquito!
You completely miss the vampire mosquito.
Your headbutt misses the vampire mosquito.
The vampire mosquito is heavily damaged.
The vampire mosquito bites you but does no damage.
The vampire mosquito bites you.
* * * LOW HITPOINT WARNING * * *
The vampire mosquito draws strength from your injuries!
You slash the vampire mosquito!
The vampire mosquito is severely damaged.
The vampire mosquito bites you.
* * * LOW HITPOINT WARNING * * *
The vampire mosquito draws strength from your injuries!
The vampire mosquito bites you but does no damage.
You closely miss the vampire mosquito.
The vampire mosquito is severely damaged.
The vampire mosquito bites you.
You die...

#.......##.##§≈~.~≈§§
#.......##.###§§§≈§..
#.......##.# #######.
###'##...#.# ##
#.##...#....
#......#...
#..(.....#
#.#####..#.##
#.@y........#
#######..#### ?(..
.### y# Y#


y You could see a vampire mosquito.

Vanquished Creatures
  Prince Ribbit (D:6)
  3 vampire mosquitoes (D:7)
  Edmund (D:4)
  An ice beast (D:7)
  A sky beast (D:6)
  A black bear (D:5)
  2 centaurs
  A phantom (D:5)
  A kobold brigand (D:6)
  2 bullfrogs (D:7)
  A scorpion (D:5)
  A wight (D:7)
  2 orc priests
  A hound (D:5)
  A jelly (D:7)
  3 sleepcaps
  Jessica (D:2)
  An iguana (D:4)
  An orc wizard (D:4)
  11 adders
  A gnoll (D:7)
  A shadow imp (D:7)
  A white imp (D:6)
  An ufetubus (D:5)
  2 worms (D:2)
  2 dart slugs
  15 orcs
  10 endoplasms
  3 giant cockroaches (D:1)
  A goblin (D:3)
  7 hobgoblins
  2 jackals (D:1)
  3 quokkas
  5 ball pythons
  5 bats
  5 frilled lizards
  12 kobolds
  8 rats
121 creatures vanquished.

Vanquished Creatures (others)
  A scorpion (D:7)
1 creature vanquished.

Grand Total: 122 creatures vanquished

Notes
Turn   | Place    | Note
-------+----------+-------------------------------------------
     0 | D:1      | MisterAzrael the Minotaur Fighter began the quest for the
                  | Orb.
     0 | D:1      | Reached XP level 1. HP: 19/19 MP: 0/0
    40 | D:1      | Reached skill level 3 in Long Blades
    94 | D:1      | Reached XP level 2. HP: 26/26 MP: 1/1
   400 | D:1      | Reached skill level 4 in Long Blades
   855 | D:2      | Noticed Jessica
   862 | D:2      | Killed Jessica
   863 | D:2      | Reached XP level 3. HP: 29/31 MP: 2/2
   937 | D:2      | Reached skill level 5 in Long Blades
   991 | D:2      | Reached XP level 4. HP: 39/39 MP: 3/3
  1250 | D:2      | Reached skill level 6 in Long Blades
  1603 | D:3      | Reached XP level 5. HP: 38/45 MP: 4/4
  2009 | D:3      | Found a faded altar of an unknown god.
  2014 | D:3      | Found a sparkling altar of Nemelex Xobeh.
  2019 | D:3      | Prayed at the altar of an unknown god.
  2019 | D:3      | Became a worshipper of Warmaster Okawaru
  2019 | D:3      | Reached * piety under Okawaru
  2156 | D:3      | Found a glowing golden altar of the Shining One.
  2250 | D:3      | Found a burning altar of Makhleb.
  2585 | D:4      | Reached skill level 7 in Long Blades
  2585 | D:4      | Reached skill level 1 in Invocations
  2585 | D:4      | Found a shimmering blue altar of Sif Muna.
  2659 | D:4      | Noticed Edmund
  2665 | D:4      | Killed Edmund
  2665 | D:4      | Reached ** piety under Okawaru
  2666 | D:4      | Reached skill level 1 in Throwing
  2666 | D:4      | Reached XP level 6. HP: 49/51 MP: 4/6
  3107 | D:5      | Entered Level 5 of the Dungeon
  3115 | D:5      | Reached skill level 8 in Long Blades
  3316 | D:5      | Reached XP level 7. HP: 51/57 MP: 7/7
  3437 | D:5      | Found an ornate altar of the Wu Jian Council.
  4124 | D:6      | Noticed Prince Ribbit
  4138 | D:6      | Killed Prince Ribbit
  4139 | D:6      | Reached skill level 9 in Long Blades
  4822 | D:6      | Reached *** piety under Okawaru
  4823 | D:6      | Reached XP level 8. HP: 47/64 MP: 9/9
  4885 | D:6      | Found a basalt altar of Yredelemnul.
  4953 | D:6      | Found a hazy altar of Hepliaklqana.
  5085 | D:7      | Found a shimmering altar of Xom.
  5091 | D:7      | Reached skill level 10 in Long Blades
  5280 | D:7      | Reached **** piety under Okawaru
  5308 | D:7      | Reached skill level 11 in Long Blades
  5308 | D:7      | Reached skill level 5 in Invocations
  5311 | D:7      | Reached XP level 9. HP: 11/70 MP: 11/11
  5314 | D:7      | Slain by a vampire mosquito

Illustrated notes

Levels and vault maps discovered:
D:1:      psy_arrival_statuary, layout_basic, minivault_19,
          chequers_serial_rivers_small_b, minmay_cupped
D:2:      layout_loops_ring, uniq_jessica
D:3:      layout_loops_ring, bloody_makhleb, nicolae_overflow_ecumenical_swirl,
          mainiacjoe_overflow_surrounded_room
D:4:      layout_basic, tgw_sif, uniq_edmund
D:5:      layout_gridville, nicolae_wu_jian_wuxing_cycle
D:6:      layout_loops_corners, kennysheep_little_box,
          mainiacjoe_overflow_paths, uniq_prince_ribbit1
D:7:      layout_basic, xom_confusion_cloud, temple_pool_b, enter_bailey_3,
          kennysheep_generic_room_16, uniq_menkaure, uniq_duvessa

Skill      XL: |  1  2  3  4  5  6  7  8 |
---------------+-------------------------+-----
Long Blades    | 3 4 5 6 7 8 9 11 | 11.1
Invocations    | 1 2 3 5 |  5.1
Throwing       | 1 2 3 4 |  4.9
Fighting       | |  3.6
Armour         | |  3.6
Shields        | |  3.6

Action                     |  1- 3 |  4- 6 |  7- 9 || total
---------------------------+-------+-------+-------++-------
  Melee: Long sword        |    67 |   144 |    31 ||   242
         Headbutt          |     9 |    26 |    16 ||    51
         Great sword       |       |       |    92 ||    92
  Throw: Dart              |       |     6 |       ||     6
 Invoke: Heroism           |       |       |     1 ||     1
    Use: Potion            |       |     1 |     4 ||     5
         Scroll            |       |       |     4 ||     4
 Armour: Scale mail        |    24 |    42 |       ||    66
         Crystal plate arm |       |     8 |   111 ||   119
         Skin              |       |       |    19 ||    19
  Dodge: Dodged            |    29 |    44 |    22 ||    95
  Block: Buckler           |    15 |    18 |       ||    33
         Kite shield       |       |    15 |    18 ||    33

Table legend: (Time is in decaauts)
 A = Elapsed time spent in this place.
 B = Non-inter-level travel time spent in this place.
 C = Inter-level travel time spent in this place.
 D = Time resting spent in this place.
 E = Time spent auto-exploring this place.
 F = Levels seen in this place.
 G = Mean time per level.
                   A        B        C        D        E       F      G
               +--------+--------+--------+--------+--------+-----+--------+
         Total |   5367 |   5181 |    186 |    348 |   3930 |   7 |  766.7 |
       Dungeon |   5367 |   5181 |    186 |    348 |   3930 |   7 |  766.7 |
               +--------+--------+--------+--------+--------+-----+--------+

Top non-repeatable levels by time:
     D:6: 1098 daAuts
     D:3: 989 daAuts
     D:5: 840 daAuts
     D:1: 780 daAuts
     D:2: 725 daAuts
     D:4: 645 daAuts
     D:7: 288 daAuts
